 Dungeon Crawl Stone Soup version 0.30-a0-743-gbfdf073431 (webtiles) character file.

Game seed: 9672065649769646153

7 retardedninja the Trooper (level 2, 27/27 HPs)
             Began as a Hill Orc Fighter on Feb 6, 2023.
             Quit the game on level 1 of the Dungeon.
             The game lasted 00:00:16 (128 turns).

retardedninja the Trooper (Hill Orc Fighter)         Turns: 128, Time: 00:00:17

Health: 27/27      AC:  6    Str: 18    XL:     2   Next: 0%
Magic:  2/2        EV:  9    Int:  8    God:
Gold:   11         SH:  4    Dex: 10    Spells: 1/1 levels left

rFire   . . .      SeeInvis .    a - +0 war axe
rCold   . . .      Faith    .    c - +0 buckler
rNeg    . . .      Spirit   .    b - +0 scale mail
rPois   .          Reflect  .    (no helmet)
rElec   .          Harm     .    (no cloak)
rCorr   .          Rampage  .    (no gloves)
Will    .....                    (no boots) Stlth
                                 (no amulet)
HPRegen 0.24/turn                (no ring)
MPRegen 0.08/turn                (no ring)

@: no status effects
A: no striking features
a: no special abilities


You were on level 1 of the Dungeon.
You visited 1 branch of the dungeon, and saw 1 of its levels.

You collected 11 gold pieces.

Inventory:

Hand Weapons
 a - a +0 war axe (weapon)
Armour
 b - a +0 scale mail (worn)
 c - a +0 buckler (worn)
Scrolls
 e - a scroll of noise {unknown}
Potions
 d - a potion of might


   Skills:
 + Level 3.8 Fighting
 + Level 2.9 Axes
 + Level 3.4 Armour
 + Level 3.4 Shields


You had one spell level left.
You didn't know any spells.
Your spell library was empty.

Dungeon Overview and Level Annotations

Branches:
Dungeon (1/15)

Altars:


Message History

You barely miss the goblin.
The goblin hits you but does no damage. x2
A goblin is nearby!
You hit the goblin but do no damage. The goblin hits you but does no damage.
A goblin is nearby!
You closely miss the goblin. The goblin hits you but does no damage.
A goblin is nearby!
A goblin is nearby!
You slash the goblin!
You kill the goblin!
Things that are here:
a +0 dagger; a dart slug corpse Key pressed, stopping explore.
No target in view!
Key pressed, stopping explore.
No target in view!
You now have 11 gold pieces (gained 10).
An endoplasm comes into view.
The endoplasm quivers.
An endoplasm is nearby!
An endoplasm is nearby!
The endoplasm misses you.
An endoplasm is nearby!
You slash the endoplasm!
You kill the endoplasm!
You have reached level 2!
No target in view!
Key pressed, stopping explore.
Key pressed, stopping explore.
No target in view!
Key pressed, stopping explore.
Key pressed, stopping explore.
No target in view!
No target in view!
Found a stone staircase leading down.
Found a long sword.
A dart slug comes into view.
A dart slug is nearby!
Welcome back, retardedninja the Hill Orc Fighter.
Press ? for a list of commands and other information.
Are you sure you want to abandon this character and quit the game? (Confirm with "yes".)

......# #####.# ......#
# #.########## w.....#
#####.##.......#
......#
.......#.#####.#
......#
##....##.#####.#
....... #.............#
.......
#....##.########......#
#..............@>...)..
#####.#.##############.
#.#.# #.#.# #.#.# #.#.#
###.#.# #.....# #..)..#


You could see a dart slug.

Vanquished Creatures
  A dart slug (D:1)
  An endoplasm (D:1)
  2 goblins (D:1)
4 creatures vanquished.

Notes
Turn   | Place    | Note
-------+----------+-------------------------------------------
     0 | D:1      | retardedninja the Hill Orc Fighter began the quest for the
                  | Orb.
     0 | D:1      | Reached XP level 1. HP: 19/19 MP: 1/1
    93 | D:1      | Reached XP level 2. HP: 27/27 MP: 2/2
   128 | D:1      | Quit the game

Illustrated notes

Levels and vault maps discovered:
D:1:      minmay_arrival_loop, layout_basic, minmay_bisected

Action                     || total
---------------------------++-------
  Melee: War axe           ||     9
 Armour: Scale mail        ||     5
  Dodge: Dodged            ||     4

Table legend: (Time is in decaauts)
 A = Elapsed time spent in this place.
 B = Non-inter-level travel time spent in this place.
 C = Inter-level travel time spent in this place.
 D = Time resting spent in this place.
 E = Time spent auto-exploring this place.
 F = Levels seen in this place.
 G = Mean time per level.
                   A        B        C        D        E       F      G
               +--------+--------+--------+--------+--------+-----+--------+
         Total |    131 |    131 |      0 |      0 |    109 |   1 |  131.0 |
       Dungeon |    131 |    131 |      0 |      0 |    109 |   1 |  131.0 |
               +--------+--------+--------+--------+--------+-----+--------+

Top non-repeatable levels by time:
     D:1: 131 daAuts
